Map: Acropolis LE

Players

Larogue

  • Race: Protoss Protoss
  • League: Master
  • Spawn Location: 11:00

Mez - Winner!

  • Race: Terran Terran
  • League: Master
  • Spawn Location: 5:00

VOD

Have the link to the VOD?

Description

Time

  • Played on: July 28, 2019, 6:25 p.m.
  • Length: 8:03
Show
View Real Time Build Order
Export as new Build Order

Larogue Protoss 

Build Orders: 1 Gate Expand, Blink Stalkers 

Get SALT Encoding   

  12  0:00  Probe  
  13  0:13  Probe  
  14  0:17  Pylon  
  14  0:24  Probe  
  15  0:32  Probe  
  15  0:38  Gateway  
  15  0:40  Probe  
  16  0:47  Assimilator  
  17  0:51  Probe  
  18  1:03  Probe  
  19  1:15  Probe  
  20  1:24  Nexus  
  20  1:38  Probe  
  21  1:42  Cybernetics Core  
  21  1:45  Assimilator  
  21  1:50  Probe  
  22  1:54  Pylon  
  22  2:00  Probe  
  22  2:08  Stalker, Probe  
  24  2:17  Probe  
  24  2:19  Warp Gate  
  27  2:29  Probe  
  27  2:38  Stalker  
  29  2:45  Probe  
  29  2:47  Probe  
  29  2:48  Pylon  
  31  2:53  Probe  
  32  2:59  Probe  
  32  3:01  Probe  
  32  3:03  Twilight Council  
  33  3:10  Stalker  
  36  3:13  Probe  
  36  3:15  Probe  
  38  3:23  Probe  
  39  3:27  Probe  
  39  3:29  Blink  
  39  3:31  Probe  
  40  3:39  Probe  
  40  3:40  Probe  
  42  3:46  Gateway  
  42  3:47  Gateway  
  43  3:53  Robotics Facility  
  43  3:54  Probe x2  
  45  4:02  Pylon  
  45  4:06  Probe x2  
  45  4:12  Stalker  
  47  4:21  Shield Battery  
  47  4:23  Shield Battery  
  47  4:24  Shield Battery  
  47  4:32  Stalker  
  42  4:48  Probe  
  42  4:50  Probe  
  43  4:54  Stalker  
  43  4:55  Stalker x2  
  49  5:00  Probe, Observer  
  49  5:02  Probe  
  49  5:04  Assimilator  
  49  5:06  Pylon  
  52  5:13  Probe  
  53  5:14  Probe  
  54  5:25  Probe  
  54  5:26  Probe  
  56  5:34  Charge  
  56  5:36  Observer  
  56  5:37  Probe, Nexus  
  56  5:40  Pylon  
  58  5:43  Gateway  
  58  5:44  Pylon  
  58  5:50  Gateway  
  58  6:00  Probe  
  57  6:15  Forge  
  57  6:17  Immortal, Forge  
  61  6:22  Gateway  
  61  6:24  Gateway  
  61  6:27  Templar Archives, Assimilator  
  61  6:30  Probe x2  
  62  6:41  Probe x2  
  62  6:45  Sentry  
  62  6:46  Sentry  
  68  6:49  Probe x3  
  71  6:58  Stalker x2, Probe  
  71  6:59  Probe  
  75  7:03  Probe  
  78  7:10  Probe  
  78  7:11  Probe  
  78  7:15  Probe  
  81  7:16  Zealot x2  
  81  7:19  High Templar  
  81  7:22  Probe  
  88  7:23  Probe  
  88  7:27  Probe  
  90  7:34  Probe  
  91  7:37  Zealot x3  
  91  7:38  Zealot  
  91  7:39  Zealot  
Show
View Real Time Build Order
Export as new Build Order

Mez Terran - Winner!

Build Orders: Reaper Expand 

Get SALT Encoding   

  12  0:01  SCV  
  13  0:13  SCV  
  14  0:18  Supply Depot  
  14  0:25  SCV  
  15  0:39  SCV  
  15  0:41  Barracks  
  16  0:45  Refinery  
  16  0:51  SCV  
  17  1:03  SCV  
  18  1:15  SCV  
  19  1:30  Reaper, Orbital Command  
  20  1:45  Command Center  
  19  1:55  Barracks  
  19  1:58  SCV  
  20  2:04  Barracks Reactor  
  20  2:10  SCV  
  21  2:18  Supply Depot  
  21  2:21  Barracks  
  21  2:24  SCV  
  22  2:36  SCV  
  23  2:42  Marine x2  
  23  2:43  Barracks Tech Lab  
  25  2:48  SCV  
  26  2:57  Orbital Command  
  26  3:00  SCV  
  26  3:01  Marine x2  
  26  3:03  Marauder  
  31  3:09  Marine  
  31  3:10  Concussive Shells  
  31  3:12  SCV  
  33  3:21  Marine x2  
  33  3:23  Supply Depot  
  33  3:24  SCV  
  36  3:27  Marine  
  36  3:28  Marauder  
  36  3:29  SCV  
  36  3:33  Engineering Bay  
  40  3:36  SCV  
  40  3:41  SCV, Marine x2  
  42  3:45  Marine  
  45  3:48  Marine  
  45  3:49  Supply Depot  
  45  3:51  Refinery  
  46  3:58  Stimpack  
  46  4:01  SCV x2  
  47  4:14  SCV x2  
  49  4:23  Marine x2  
  49  4:24  Marine x2  
  52  4:28  Refinery  
  52  4:29  SCV  
  52  4:30  SCV  
  55  4:31  Factory  
  55  4:32  Supply Depot  
  52  4:49  Marine x2  
  52  4:50  SCV x2, Marine x2  
  58  4:57  Command Center  
  58  5:02  SCV  
  58  5:05  SCV  
  60  5:09  Marauder  
  60  5:10  Marine x2, Barracks Tech Lab  
  60  5:11  Terran Infantry Weapons Level 1  
  64  5:14  SCV  
  64  5:16  Starport, Factory Reactor  
  64  5:17  SCV  
  66  5:24  Supply Depot  
  66  5:25  Supply Depot  
  66  5:27  SCV  
  67  5:35  SCV  
  68  5:36  Combat Shield  
  68  5:37  Barracks x2  
  68  5:39  SCV  
  68  5:40  Marine  
  70  5:45  Marine x3  
  70  5:48  SCV  
  74  5:51  SCV  
  74  5:53  Supply Depot  
  74  5:54  Supply Depot  
  73  5:57  Marine  
  74  6:10  Medivac x2  
  77  6:12  Marauder x2  
  77  6:13  Orbital Command  
  81  6:22  SCV x2  
  81  6:25  Barracks Reactor, Refinery, Barracks Tech Lab  
  83  6:31  Supply Depot  
  83  6:33  Marine  
  83  6:34  Marine, Marauder x2  
  83  6:39  Orbital Command  
  89  6:42  Medivac x2  
  89  6:46  SCV x2  
  95  6:53  Marine, Supply Depot  
  95  6:54  Marine, Marauder  
  98  6:55  Marine, Marauder  
  102  7:04  SCV x2  
  104  7:08  SCV  
  104  7:16  SCV, Medivac x2  
  104  7:17  Command Center  
  104  7:20  Marauder x3  
  104  7:22  SCV  
  116  7:26  Supply Depot  
  116  7:35  Marine x4  
  120  7:37  SCV  
  120  7:39  SCV  
  120  7:41  Marauder x2  
Tags
 
Add a new tag
Caveats
  • Supply blocks, unpowered buildings, or Contaminate may cause inaccurate times.
  • Supply counts are checked every 10 seconds.